 Dungeon Crawl Stone Soup version 0.29-a0-559-g359e09b9d1 (webtiles) character file.

Game seed: 8766186507132573847

4533 Bruhh the Ogre Mage (level 10, -4/110 HPs)
             Began as an Ogre Earth Elementalist on June 10, 2022.
             Was a Believer of Vehumet.
             Slain by an unseen horror (5 damage)
             ... on level 7 of the Dungeon.
             The game lasted 00:13:21 (9450 turns).

Bruhh the Ogre Mage (Ogre Earth Elementalist)       Turns: 9450, Time: 00:13:22

Health: -4/110     AC:  4    Str: 12    XL:     10   Next: 39%
Magic:  13/24      EV:  9    Int: 20    God:    Vehumet [**....]
Gold:   506        SH:  0    Dex:  9    Spells: 25/29 levels left

rFire   + . .      SeeInvis .   D - +5 great sword (elec)
rCold   . . .      Faith    .   (shield currently unavailable)
rNeg    + . .      Spirit   .   A - +0 robe {rN+}
rPois   .          Reflect  .   (helmet restricted)
rElec   .          Harm     .   j - +0 cloak
rCorr   .          Rampage  .   (gloves unavailable)
Will    ++...                   (boots unavailable)
Stlth   +.........              v - amulet of regeneration
HPRegen 1.08/turn               n - ring of willpower
MPRegen 0.19/turn               (no ring)

@: very slightly contaminated
A: large, unfitting armour, tough skin 1, fire resistance 1, weak 1, evolution 1
a: Renounce Religion


You were on level 7 of the Dungeon.
You worshipped Vehumet.
Vehumet was pleased with you.
You visited 2 branches of the dungeon, and saw 8 of its levels.
You also visited: Sewer and Bailey.

You collected 506 gold pieces.

Inventory:

Hand Weapons
 a - a +4 quarterstaff of chaos
 d - a +0 hunting sling of freezing
 k - a +0 short sword
 w - a +0 hand axe
 D - a +5 great sword of electrocution (weapon)
Missiles
 z - 179 stones
Armour
 b - a +1 robe
 j - a +0 cloak (worn)
 A - a +0 robe of positive energy (worn)
Jewellery
 c - a ring of positive energy
 f - an amulet of faith
 n - a ring of willpower (left hand)
 v - an amulet of regeneration (around neck)
Wands
 m - a wand of paralysis (6)
 q - a wand of digging (9)
 u - a wand of iceblast (12)
Scrolls
 e - 2 scrolls of poison
 g - a scroll of enchant armour
 o - a scroll of enchant weapon {unknown}
 p - a scroll of noise
 s - a scroll of immolation {unknown}
 x - a scroll of vulnerability {unknown}
 y - 3 scrolls of identify
 B - 2 scrolls of magic mapping
 C - a scroll of brand weapon {unknown}
 E - 3 scrolls of blinking
 F - a scroll of teleportation
Potions
 h - a potion of haste
 i - 5 potions of curing
 l - a potion of degeneration {unknown}
 r - a potion of brilliance {unknown}
 t - 3 potions of flight
 G - a potion of invisibility {unknown}


   Skills:
 - Level 10.0 Fighting
 - Level 1.7 Dodging
 - Level 1.4 Stealth
 - Level 10.0 Spellcasting
 + Level 7.3 Conjurations
 - Level 0.8 Transmutations
 - Level 5.0 Earth Magic


You had 25 spell levels left.
You knew the following spells:

 Your Spells              Type           Power      Damage    Failure   Level
a - Sandblast             Erth           60%        2d14      1%          1
b - Stone Arrow           Conj/Erth      68%        3d11      1%          3

Your spell library contained the following spells:

 Spells                   Type           Power      Damage    Failure   Level
 Shock                    Conj/Air       96%        1d9       1%          1
 Magic Dart               Conj           100%       1d8       1%          1
 Searing Ray              Conj           78%        2d7       1%          2
 Static Discharge         Conj/Air       24%        N/A       2%          2
 Passwall                 Tmut/Erth      17%        N/A       3%          2
 Summon Small Mammal      Summ           40%        N/A       7%          1
 Blink                    Tloc           20%        N/A       11%         2
 Call Imp                 Summ           10%        N/A       11%         2
 Fulminant Prism          Conj/Hex       12%        3d9       16%         4
 Sticky Flame             Conj/Fire      24%        2d5       16%         4
 Lesser Beckoning         Tloc           10%        N/A       21%         3
 Petrify                  Tmut/Erth      21%        N/A       21%         4
 Dispel Undead            Necr           10%        3d9       56%         4
 Summon Ice Beast         Ice/Summ       10%        N/A       56%         4
 Manifold Assault         Tloc           10%        N/A       88%         5
 Summon Mana Viper        Hex/Summ       10%        N/A       88%         5


Dungeon Overview and Level Annotations

Branches:
Dungeon (7/15)             Temple (1/1) D:4           Sewer (visited)
 Bailey (visited)

Altars:
Ashenzari
Cheibriados
Dithmenos
Elyvilon
Fedhas
Hepliaklqana
Kikubaaqudgha
Makhleb
Nemelex Xobeh
Okawaru
Qazlal
Ru
Sif Muna
Trog
Vehumet
Wu Jian
Xom
Zin
The Shining One

Shops:
D:5 (   D:7 [


Innate Abilities, Weirdness & Mutations

You are too large for most types of armour.
You have tough skin. (AC +1)
Your flesh is heat resistant. (rF+)
You are weak. (Str -2)
You have hidden genetic potential.


Message History

You closely miss something. Something hits you. x3
Casting: Stone Arrow (safe; 1% risk of failure)
Confirm with . or Enter, or press ? or * to list all spells.
Aiming: Stone Arrow (safe; 1% risk of failure)
Press: ? - help, Shift-Dir - straight line Something hits you.
* * * LOW HITPOINT WARNING * * *
Something hits you.
* * * LOW HITPOINT WARNING * * *
Unknown command.
Casting: Stone Arrow (safe; 1% risk of failure)
Confirm with . or Enter, or press ? or * to list all spells.
Aiming: Stone Arrow (safe; 1% risk of failure)
Press: ? - help, Shift-Dir - straight line The stone arrow hits something!
Something hits you.
* * * LOW HITPOINT WARNING * * *
Unknown command.
Casting: Stone Arrow (safe; 1% risk of failure)
Confirm with . or Enter, or press ? or * to list all spells.
Aiming: Stone Arrow (safe; 1% risk of failure)
Press: ? - help, Shift-Dir - straight line You miscast Stone Arrow.
You are very lightly contaminated with residual magic.
Nothing appears to happen.
Something hits you.
* * * LOW HITPOINT WARNING * * *
Unknown command.
Casting: Stone Arrow (safe; 1% risk of failure)
Confirm with . or Enter, or press ? or * to list all spells.
You don't know that spell.
Something hits you!
* * * LOW HITPOINT WARNING * * *
Something hits you.
* * * LOW HITPOINT WARNING * * *
Something hits you but does no damage.
You closely miss something. Something hits you!
* * * LOW HITPOINT WARNING * * *
Something hits you.
* * * LOW HITPOINT WARNING * * *
Something hits you.
You die...

*,****########..♣,,*,,*,,***
*,,,,,........#...#**,,,** *
*,****#######†#....#***** * #,*
#...##.##.#.# *
###.######.#.......#.# ****
#........#.####.####,#*****,,,
*,#>..............,,,,,,,,,,,,
*,##..##.#.########********,**
*,*#.,*#.#...@..# *,**
***,*#,,,..######.###########,**
*,,,**,*#### #..........[..#,,,
*,,,,,,* #.#.#########.#,,,
*,,,**** #...#....####.#,*,
***** #####.......#†#,,,
#..#.##.#.#*** #..#....#.####
###..######.#...


There were no monsters in sight!

Vanquished Creatures
  An orc knight (Bailey)
  A manticore (D:6)
  2 trolls
  A slime creature (D:7)
  A vampire (D:7)
  Sigmund (D:6)
  A wyvern (D:7)
  A water moccasin (D:4)
  Pargi (Sewer)
  2 ice beasts (D:5)
  2 orc warriors (Bailey)
  2 ogres
  A centaur (D:7)
  A phantom (D:5)
  A bullfrog (D:7)
  A necrophage (D:5)
  4 scorpions
  2 elf skeletons (D:4)
  4 wights (D:7)
  4 killer bees (D:7)
  2 human zombies (D:4)
  A jelly (D:5)
  4 orc priests
  Crazy Yiuf (D:3)
  5 hounds
  2 iguanas
  Jessica (D:2)
  3 orc wizards
  Ijyb (D:3)
  Robin (D:3)
  2 gnolls
  9 adders
  A shadow imp (D:7)
  2 white imps
  2 worms
  2 dart slugs
  19 orcs
  10 ball pythons
  3 bats
  5 endoplasms
  3 giant cockroaches
  20 goblins
  7 hobgoblins
  4 jackals (D:2)
  20 kobolds
  5 quokkas
  7 frilled lizards
  2 orc skeletons (D:4)
  7 rats
185 creatures vanquished.

Vanquished Creatures (collateral kills)
  A gnoll sergeant (D:6)
1 creature vanquished.

Grand Total: 186 creatures vanquished

Notes
Turn   | Place    | Note
-------+----------+-------------------------------------------
     0 | D:1      | Bruhh the Ogre Earth Elementalist began the quest for the
                  | Orb.
     0 | D:1      | Reached XP level 1. HP: 16/16 MP: 3/3
   338 | D:1      | Reached XP level 2. HP: 24/24 MP: 5/5
   582 | D:1      | Reached XP level 3. HP: 6/31 MP: 1/7
  1654 | D:2      | Reached XP level 4. HP: 28/39 MP: 6/9
  1947 | D:2      | Noticed Jessica
  1950 | D:2      | Killed Jessica
  2182 | D:2      | Reached XP level 5. HP: 45/45 MP: 9/11
  2484 | D:3      | Found a shimmering blue altar of Sif Muna.
  2614 | D:3      | Noticed Robin
  2635 | D:3      | Killed Robin
  2943 | D:3      | Got the Reference Book on Illusion
  2956 | D:3      | Found a faded altar of an unknown god.
  2981 | D:3      | Found a runed translucent door.
  2982 | D:3      | Noticed Crazy Yiuf
  3006 | D:3      | Noticed Ijyb
  3014 | D:3      | Killed Ijyb
  3186 | D:3      | Reached skill level 5 in Spellcasting
  3186 | D:3      | Reached XP level 6. HP: 51/53 MP: 5/13
  3848 | D:3      | Killed Crazy Yiuf
  3849 | D:3      | Reached skill level 5 in Earth Magic
  3953 | D:4      | Found a staircase to the Ecumenical Temple.
  3962 | D:4      | Noticed a water moccasin
  3969 | D:4      | Killed a water moccasin
  3977 | Temple   | Entered the Ecumenical Temple
  3992 | Temple   | Became a worshipper of Vehumet
  4349 | D:4      | Found a burning altar of Makhleb.
  4439 | D:4      | Found a glowing drain.
  4443 | Sewer    | Entered a sewer
  4459 | Sewer    | Noticed Pargi
  4470 | Sewer    | Killed Pargi
  4471 | Sewer    | Reached XP level 7. HP: 54/59 MP: 11/17
  5134 | D:4      | Learned a level 3 spell: Stone Arrow
  5135 | D:5      | Entered Level 5 of the Dungeon
  5226 | D:5      | Reached skill level 1 in Conjurations
  5372 | D:5      | Reached XP level 8. HP: 65/67 MP: 4/20
  5466 | D:5      | Found a sparkling altar of Nemelex Xobeh.
  5469 | D:5      | Found an ancient bone altar of Kikubaaqudgha.
  5587 | D:5      | Reached * piety under Vehumet
  5587 | D:5      | Offered knowledge of Foxfire by Vehumet.
  6203 | D:5      | Found a sacrificial altar of Ru.
  6204 | D:5      | Found a broken altar of Ashenzari.
  6364 | D:5      | Reached skill level 1 in Fighting
  6549 | D:5      | Found Suibbott's Antique Weapon Emporium.
  6913 | D:6      | Noticed a troll
  6916 | D:6      | Noticed a manticore
  6918 | D:6      | Killed a troll
  6919 | D:6      | Reached XP level 9. HP: 84/84 MP: 6/22
  6935 | D:6      | Gained mutation: You are weak. (Str -2) [potion of
                  | mutation]
  6935 | D:6      | Gained mutation: You have hidden genetic potential. [potion
                  | of mutation]
  6937 | D:6      | Killed a manticore
  6938 | D:6      | Reached skill level 10 in Spellcasting
  7121 | D:6      | Noticed Sigmund
  7159 | D:6      | Killed Sigmund
  8004 | D:7      | Found a flagged portal.
  8047 | Bailey   | Entered a bailey
  8069 | Bailey   | Noticed an orc knight
  8084 | Bailey   | Offered knowledge of Shock by Vehumet.
  8090 | Bailey   | Reached ** piety under Vehumet
  8095 | Bailey   | Killed an orc knight
  8096 | Bailey   | Reached skill level 5 in Conjurations
  8313 | Bailey   | Reached XP level 10. HP: 39/107 MP: 11/24
  8714 | D:7      | Found Foigru's Armour Boutique.
  8776 | D:7      | Gained mutation: Your flesh is heat resistant. (rF+)
                  | [hidden potential]
  9011 | D:7      | Reached skill level 10 in Fighting
  9450 | D:7      | HP: 1/110 [something (5)]
  9450 | D:7      | Slain by an unseen horror

Illustrated notes

Levels and vault maps discovered:
D:1:      lemuel_arrival_river_passageway, layout_rooms
D:2:      layout_loops_cross, minmay_pentomino_x4, uniq_jessica
D:3:      layout_basic, mainiacjoe_overflow_24_doors,
          shapermc_ecumenical_altar_starsandcircs, uniq_robin, uniq_ijyb,
          uniq_crazy_yiuf_cottage
D:4:      layout_basic, lemuel_tele_altar, minmay_temple_entry_arrows,
          gup_sewer_entry_bowl, nicolae_ossuary_entry_catacombs
D:5:      layout_basic, grunt_temple_overflow_cloverleaf, serial_shops,
          kennysheep_little_box, minmay_circle_x
D:6:      minmay_cornered_nines, layout_gridville, uniq_sigmund
D:7:      layout_basic, enter_bailey_3, serial_shops, nicolae_shop_behind_doors,
          corexii_corridor_pit, kb_rosetta
Temple:   nicolae_temple_x_marks_the_god

Skill      XL: |  1  2  3  4  5  6  7  8  9 10 |
---------------+-------------------------------+-----
Earth Magic    | 3 4 5 |  5.0
Spellcasting   | 3 4 5 6 8 9 10 | 10.0
Conjurations   | 1 4 5 7 |  7.3
Fighting       | 4 9 10 | 10.0
Dodging        | |  1.7
Stealth        | |  1.4
Transmutations | |  0.8

Action                   |  1- 3 |  4- 6 |  7- 9 | 10-12 || total
-------------------------+-------+-------+-------+-------++-------
Melee: Unarmed           |     4 |       |       |       ||     4
       Punch             |     1 |       |       |       ||     1
       Short sword       |    13 |    45 |       |       ||    58
       Hand axe          |       |    26 |       |       ||    26
       Quarterstaff      |       |    23 |    22 |       ||    45
       Great sword       |       |       |     7 |    15 ||    22
 Fire: Hunting sling     |    63 |       |       |       ||    63
 Cast: Sandblast         |    29 |    60 |    18 |       ||   107
       Stone Arrow       |       |       |   101 |    36 ||   137
Evoke: Wand              |       |     2 |     9 |       ||    11
  Use: Scroll            |       |     7 |     5 |     2 ||    14
       Potion            |       |     4 |     6 |       ||    10
 Stab: Sleeping          |       |     1 |       |       ||     1
Armor: Robe              |    27 |    28 |    19 |    12 ||    86
       Skin              |       |    13 |       |       ||    13
Dodge: Dodged            |    35 |    44 |    43 |    19 ||   141

Table legend: (Time is in decaauts)
 A = Elapsed time spent in this place.
 B = Non-inter-level travel time spent in this place.
 C = Inter-level travel time spent in this place.
 D = Time resting spent in this place.
 E = Time spent auto-exploring this place.
 F = Levels seen in this place.
 G = Mean time per level.
                   A        B        C        D        E       F      G
               +--------+--------+--------+--------+--------+-----+--------+
         Total |   9522 |   9107 |    415 |    311 |   7341 |  10 |  952.2 |
       Dungeon |   8732 |   8317 |    415 |    311 |   6818 |   7 | 1247.4 |
        Temple |     22 |     22 |      0 |      0 |      0 |   1 |   22.0 |
         Sewer |    175 |    175 |      0 |      0 |    138 |   1 |  175.0 |
        Bailey |    591 |    591 |      0 |      0 |    385 |   1 |  591.0 |
               +--------+--------+--------+--------+--------+-----+--------+

Top non-repeatable levels by time:
     D:5: 1555 daAuts
     D:2: 1421 daAuts
     D:1: 1394 daAuts
     D:6: 1168 daAuts
     D:4: 1119 daAuts
     D:3: 1113 daAuts
     D:7: 959 daAuts
  Bailey: 591 daAuts
   Sewer: 175 daAuts
  Temple: 22 daAuts
